ORI
UNIVERSITY OF ALABAMA CRIMSON TIDE @ UNIVERSITY OF OKLAHOMA SOONERS
08/05/2046
 
TOP OF THE 1ST
University of Alabama Crimson Tide batting - Pitching for University of Oklahoma Sooners : RHP Colin Jensen
Pitching: RHP Colin Jensen
Batting: RHB Jong-your Lee 0-0: Ball
1-0: Called Strike
1-1: Ground out 5-3 (Groundball, 5S, EV 84.4 MPH)
Batting: LHB Matt Barkley 0-0: Swinging Strike
0-1: Ball
1-1: Ball
2-1: Swinging Strike
2-2: Ground out 6-3 (Groundball, 6, EV 88.1 MPH)
Batting: LHB Platon Protopsaltis 0-0: Ball
1-0: Ball
2-0: Swinging Strike
2-1: Ball
3-1: Base on Balls
Batting: RHB Hughie Withers 0-0: Foul Ball, location: 2F
0-1: Ball
1-1: Ball
2-1: Ball
Platon Protopsaltis steals 2nd base
3-1: Ground out 5-3 (Groundball, 56, EV 78.8 MPH)
Top of the 1st over - 0 runs, 0 hits, 0 errors, 1 left on base; University of Alabama 0 - University of Oklahoma 0
BOTTOM OF THE 1ST
University of Oklahoma Sooners batting - Pitching for University of Alabama Crimson Tide : LHP Don Rodgers
Pitching: LHP Don Rodgers
Batting: RHB Virgil Wenz 0-0: Called Strike
0-1: Foul Ball, location: 2F
0-2: Ball
1-2: Ground out 5-3 (Groundball, 5S, EV 65.6 MPH)
Batting: RHB Myles Sabine 0-0: Ball
1-0: SINGLE (Groundball, 4MS, EV 69.4 MPH) (infield hit)
Batting: SHB Orlando Uribe 0-0: Called Strike
0-1: Ball
1-1: Fielders Choice at 2nd, 4-6 (Groundball, 4, EV 84.4 MPH)
Batting: RHB Sugiarto Kartosuwiryo 0-0: Called Strike
0-1: Fly out, F7 (Flyball, 78M, EV 83.1 MPH)
Bottom of the 1st over - 0 runs, 1 hit, 0 errors, 1 left on base; University of Alabama 0 - University of Oklahoma 0
TOP OF THE 2ND
University of Alabama Crimson Tide batting - Pitching for University of Oklahoma Sooners : RHP Colin Jensen
Batting: RHB Fernando Reyes 0-0: Ball
1-0: Called Strike
1-1: Swinging Strike
1-2: Strikes out looking
Batting: RHB Onorato Zacagnini 0-0: Ball
1-0: Ball
2-0: Ball
3-0: Called Strike
3-1: Fly out, F7 (Flyball, 7D, EV 88.1 MPH)
Batting: RHB John Hicken 0-0: SINGLE (Groundball, 4S, EV 71.9 MPH) (infield hit)
Batting: SHB Mike Bidwell 0-0: Called Strike
John Hicken is caught stealing 2nd base 2-6
Top of the 2nd over - 0 runs, 1 hit, 0 errors, 0 left on base; University of Alabama 0 - University of Oklahoma 0
BOTTOM OF THE 2ND
University of Oklahoma Sooners batting - Pitching for University of Alabama Crimson Tide : LHP Don Rodgers
Batting: RHB Kjeld Leen 0-0: Called Strike
0-1: SINGLE (Groundball, 56S, EV 66.2 MPH) (infield hit)
Batting: RHB Sam Mason 0-0: Ball
1-0: Ball
2-0: Called Strike
2-1: Foul Ball, location: 2F
2-2: Ball
3-2: Hit by Pitch
Kjeld Leen to second
Batting: SHB Benedetto Legnano 0-0: Called Strike
0-1: Called Strike
0-2: Fielders Choice at 2nd, 6-4 (Groundball, 6, EV 98.8 MPH)
Kjeld Leen to third
Batting: LHB Nelson Morales 0-0: Ball
1-0: Foul Ball, location: 2F
1-1: Swinging Strike
1-2: Strikes out swinging
Batting: RHB Jon Hubbard 0-0: Called Strike
0-1: Foul Ball, location: 2F
0-2: Strikes out swinging
Bottom of the 2nd over - 0 runs, 1 hit, 0 errors, 2 left on base; University of Alabama 0 - University of Oklahoma 0
TOP OF THE 3RD
University of Alabama Crimson Tide batting - Pitching for University of Oklahoma Sooners : RHP Colin Jensen
Batting: SHB Mike Bidwell 0-0: Ball
1-0: Ball
2-0: Called Strike
2-1: Ball
3-1: Swinging Strike
3-2: Strikes out swinging
Batting: RHB Eric Kilmer 0-0: Ball
1-0: Ball
2-0: Swinging Strike
2-1: Foul Ball, location: 2F
2-2: Strikes out looking
Batting: RHB Jong-your Lee 0-0: Ball
1-0: Foul Ball, location: 2F
1-1: Ball
2-1: Ball
3-1: Foul Ball, location: 2F
3-2: Foul Ball, location: 2F
3-2: DOUBLE (Line Drive, 78D, EV 113.1 MPH)
Batting: LHB Matt Barkley 0-0: Ground out 6-3 (Groundball, 6S, EV 66.9 MPH)
Top of the 3rd over - 0 runs, 1 hit, 0 errors, 1 left on base; University of Alabama 0 - University of Oklahoma 0
BOTTOM OF THE 3RD
University of Oklahoma Sooners batting - Pitching for University of Alabama Crimson Tide : LHP Don Rodgers
Batting: RHB Virgil Wenz 0-0: Called Strike
0-1: Foul Ball, location: 2F
0-2: Ball
1-2: Ball
2-2: Ball
3-2: Ground out 4-3 (Groundball, 4S, EV 81.9 MPH)
Batting: RHB Myles Sabine 0-0: Swinging Strike
0-1: Ball
1-1: Ground out 4-3 (Groundball, 4, EV 89.4 MPH)
Batting: SHB Orlando Uribe 0-0: Ball
1-0: Ball
2-0: Ball
3-0: Base on Balls
Batting: RHB Sugiarto Kartosuwiryo 0-0: Ball
1-0: Swinging Strike
1-1: Called Strike
1-2: Strikes out swinging
Bottom of the 3rd over - 0 runs, 0 hits, 0 errors, 1 left on base; University of Alabama 0 - University of Oklahoma 0
TOP OF THE 4TH
University of Alabama Crimson Tide batting - Pitching for University of Oklahoma Sooners : RHP Colin Jensen
Batting: LHB Platon Protopsaltis 0-0: Ball
1-0: Foul Ball, location: 2F
1-1: Swinging Strike
1-2: Strikes out swinging
Batting: RHB Hughie Withers 0-0: Called Strike
0-1: Foul Ball, location: 2F
0-2: Ball
1-2: Strikes out swinging
Batting: RHB Fernando Reyes 0-0: Called Strike
0-1: DOUBLE (Groundball, 5L, EV 95.6 MPH)
Batting: RHB Onorato Zacagnini 0-0: Ball
1-0: Ball
2-0: Called Strike
2-1: Called Strike
2-2: Ground out 3-1 (Groundball, 34, EV 106.2 MPH)
Top of the 4th over - 0 runs, 1 hit, 0 errors, 1 left on base; University of Alabama 0 - University of Oklahoma 0
BOTTOM OF THE 4TH
University of Oklahoma Sooners batting - Pitching for University of Alabama Crimson Tide : LHP Don Rodgers
Batting: RHB Kjeld Leen 0-0: Ball
1-0: Called Strike
1-1: Ground out 5-3 (Groundball, 5, EV 83.1 MPH)
Batting: RHB Sam Mason 0-0: Called Strike
0-1: Swinging Strike
0-2: Foul Ball, location: 2F
0-2: Strikes out looking
Batting: SHB Benedetto Legnano 0-0: Called Strike
0-1: SINGLE (Groundball, 34D, EV 96.2 MPH)
Batting: LHB Nelson Morales 0-0: Foul Ball, location: 2F
0-1: Called Strike
0-2: Strikes out swinging
Bottom of the 4th over - 0 runs, 1 hit, 0 errors, 1 left on base; University of Alabama 0 - University of Oklahoma 0
TOP OF THE 5TH
University of Alabama Crimson Tide batting - Pitching for University of Oklahoma Sooners : RHP Colin Jensen
Now at C: Jason Higgins
Now at 2B: Sam Mason
Now at SS: David Stuckey
Now in LF: Danny Ortiz
Batting: RHB John Hicken 0-0: Called Strike
0-1: Foul Ball, location: 2F
0-2: Strikes out swinging
Batting: SHB Mike Bidwell 0-0: Ball
1-0: Called Strike
1-1: Ground out 6-3 (Groundball, 6, EV 111.9 MPH)
Batting: RHB Eric Kilmer 0-0: Ball
1-0: Foul Ball, location: 2F
1-1: Foul Ball, location: 2F
1-2: Strikes out swinging
Top of the 5th over - 0 runs, 0 hits, 0 errors, 0 left on base; University of Alabama 0 - University of Oklahoma 0
BOTTOM OF THE 5TH
University of Oklahoma Sooners batting - Pitching for University of Alabama Crimson Tide : LHP Don Rodgers
Now at C: Larry Brown
Now at 2B: Rodrik Gardner
Now at 3B: Dallas Shaw
Now in LF: Matt Barkley
Now in RF: Andrew Robison
Batting: RHB Jon Hubbard 0-0: Ball
1-0: Ball
2-0: Swinging Strike
2-1: Ball
3-1: Base on Balls
Batting: RHB Virgil Wenz 0-0: Ball
Wild Pitch!
Jon Hubbard to second
1-0: Foul Ball, location: 2F
1-1: Called Strike
1-2: Foul Ball, location: 2F
1-2: Ball
2-2: Foul Ball, location: 2F
2-2: Foul Ball, location: 2F
2-2: Strikes out looking
Batting: RHB David Stuckey 0-0: Ball
1-0: Foul Ball, location: 2F
1-1: Foul Ball, location: 2F
1-2: Ball
2-2: Ball
3-2: Base on Balls
Pitching: RHP Devon Williams
Batting: SHB Orlando Uribe 0-0: Ball
1-0: Called Strike
1-1: Fielders Choice at 2nd, 6-4 (Groundball, 6, EV 100.0 MPH)
Jon Hubbard to third
Batting: RHB Sugiarto Kartosuwiryo 0-0: Called Strike
0-1: Ball
1-1: Swinging Strike
1-2: Ball
2-2: Ball
3-2: Foul Ball, location: 2F
3-2: SINGLE (Groundball, 34D, EV 101.2 MPH)
Jon Hubbard scores
Orlando Uribe to second
Orlando Uribe to third
Batting: RHB Danny Ortiz 0-0: Called Strike
0-1: Ball
1-1: Foul Ball, location: 2F
1-2: Strikes out looking
Bottom of the 5th over - 1 run, 1 hit, 0 errors, 2 left on base; University of Alabama 0 - University of Oklahoma 1
TOP OF THE 6TH
University of Alabama Crimson Tide batting - Pitching for University of Oklahoma Sooners : RHP Colin Jensen
Pitching: RHP Gabe Newman
Now at 1B: Jon Terrones
Batting: LHB Dallas Shaw 0-0: Ground out 6-3 (Groundball, 6, EV 105.6 MPH)
Pinch Hitting: LHB Adam Antico 0-0: Swinging Strike
0-1: Foul Ball, location: 2F
0-2: Ground out 6-3 (Groundball, 6, EV 80.0 MPH)
Batting: RHB Rodrik Gardner 0-0: Foul Ball, location: 2F
0-1: Ball
1-1: Swinging Strike
1-2: Strikes out swinging
Top of the 6th over - 0 runs, 0 hits, 0 errors, 0 left on base; University of Alabama 0 - University of Oklahoma 1
BOTTOM OF THE 6TH
University of Oklahoma Sooners batting - Pitching for University of Alabama Crimson Tide : RHP Devon Williams
Pitching: RHP Michael Outcalt
Now in LF: Adam Antico
Batting: RHB Sam Mason 0-0: Ball
1-0: Called Strike
1-1: Fly out, F7 (Flyball, 7LM, EV 78.1 MPH)
Batting: RHB Ben Gappa 0-0: Ball
1-0: Ball
2-0: Called Strike
2-1: Swinging Strike
2-2: Ball
3-2: Strikes out looking
Batting: RHB Jason Higgins 0-0: Ball
1-0: SINGLE (Flyball, 9, EV 83.8 MPH)
Batting: RHB Jon Hubbard 0-0: Called Strike
0-1: Ball
1-1: Ball
2-1: Ball
3-1: Called Strike
3-2: Foul Ball, location: 2F
3-2: SINGLE (Groundball, 34D, EV 94.4 MPH)
Jason Higgins to second
Jason Higgins to third
Batting: RHB Virgil Wenz 0-0: Ground out 1-3 (Groundball, 13S, EV 61.9 MPH)
Bottom of the 6th over - 0 runs, 2 hits, 0 errors, 2 left on base; University of Alabama 0 - University of Oklahoma 1
TOP OF THE 7TH
University of Alabama Crimson Tide batting - Pitching for University of Oklahoma Sooners : RHP Gabe Newman
Pitching: LHP Keith Brushett
Batting: RHB Hughie Withers 0-0: Called Strike
0-1: Fly out, F7 (Flyball, 7, EV 94.4 MPH)
Batting: LHB Joe Blackwood 0-0: Ball
1-0: Ball
2-0: Swinging Strike
2-1: Swinging Strike
2-2: Strikes out swinging
Batting: RHB Onorato Zacagnini 0-0: Swinging Strike
0-1: Ball
1-1: Ball
2-1: Ball
3-1: Called Strike
3-2: Strikes out swinging
Top of the 7th over - 0 runs, 0 hits, 0 errors, 0 left on base; University of Alabama 0 - University of Oklahoma 1
BOTTOM OF THE 7TH
University of Oklahoma Sooners batting - Pitching for University of Alabama Crimson Tide : RHP Michael Outcalt
Pitching: RHP Dave Bellah
Batting: RHB David Stuckey 0-0: Called Strike
0-1: Ball
1-1: Foul Ball, location: 2F
1-2: Strikes out looking
Pinch Hitting: LHB Pedro Marrero 0-0: Called Strike
0-1: Ball
1-1: Ground out 4-3 (Groundball, 4, EV 82.5 MPH)
Batting: LHB Jon Terrones 0-0: Foul Ball, location: 2F
0-1: Ground out U3 (Groundball, 3S, EV 88.8 MPH)
Bottom of the 7th over - 0 runs, 0 hits, 0 errors, 0 left on base; University of Alabama 0 - University of Oklahoma 1
TOP OF THE 8TH
University of Alabama Crimson Tide batting - Pitching for University of Oklahoma Sooners : LHP Keith Brushett
Now in RF: Pedro Marrero
Batting: RHB John Hicken 0-0: Foul Ball, location: 2F
0-1: Foul Ball, location: 2F
0-2: Strikes out swinging
Batting: SHB Andrew Robison 0-0: Called Strike
0-1: Foul Ball, location: 2F
0-2: Strikes out swinging
Batting: RHB Larry Brown 0-0: Foul Ball, location: 2F
0-1: Ball
1-1: Called Strike
1-2: Foul Ball, location: 2F
1-2: Strikes out swinging
Top of the 8th over - 0 runs, 0 hits, 0 errors, 0 left on base; University of Alabama 0 - University of Oklahoma 1
BOTTOM OF THE 8TH
University of Oklahoma Sooners batting - Pitching for University of Alabama Crimson Tide : RHP Dave Bellah
Pitching: LHP Juan Cardenas
Batting: RHB Danny Ortiz 0-0: Called Strike
0-1: Swinging Strike
0-2: Ball
1-2: Ball
2-2: Foul Ball, location: 2F
2-2: Strikes out looking
Batting: RHB Sam Mason 0-0: Ball
1-0: Foul Ball, location: 2F
1-1: Ball
2-1: Foul Ball, location: 2F
2-2: Ball
3-2: SINGLE (Groundball, 34D, EV 98.1 MPH)
Batting: RHB Ben Gappa 0-0: Called Strike
0-1: Foul Ball, location: 2F
0-2: Foul Ball, location: 2F
0-2: Strikes out swinging
Batting: RHB Jason Higgins 0-0: Fielders Choice at 2nd, 6-4 (Groundball, 6, EV 105.6 MPH)
Bottom of the 8th over - 0 runs, 1 hit, 0 errors, 1 left on base; University of Alabama 0 - University of Oklahoma 1
TOP OF THE 9TH
University of Alabama Crimson Tide batting - Pitching for University of Oklahoma Sooners : LHP Keith Brushett
Pitching: LHP Jeff Bruggeman
Batting: LHB Dallas Shaw 0-0: Called Strike
0-1: Ball
1-1: Foul Ball, location: 2F
1-2: Ball
2-2: Ball
3-2: Strikes out swinging
Batting: LHB Adam Antico 0-0: Called Strike
0-1: Ball
1-1: Foul Ball, location: 2F
1-2: Ball
2-2: Strikes out looking
Batting: RHB Rodrik Gardner 0-0: Ball
1-0: Ball
2-0: SINGLE (Groundball, 34D, EV 103.8 MPH)
Batting: RHB Hughie Withers 0-0: SINGLE (Groundball, 13, EV 83.8 MPH) (infield hit)
Rodrik Gardner to second
Batting: LHB Joe Blackwood 0-0: Ball
1-0: Ball
2-0: Ground out U3 (Groundball, 34, EV 95.0 MPH)
Top of the 9th over - 0 runs, 2 hits, 0 errors, 2 left on base; University of Alabama 0 - University of Oklahoma 1
Tuesday, September 13th , 2022 - OOTP Baseball 23.7 Build 88